 Dungeon Crawl Stone Soup version 0.29-a0-1027-gcd8c55af63 (webtiles) character file.

Game seed: 11691879244133229624

93 quinnr the Gusty (level 4, 0/24 HPs)
             Began as a Tengu Air Elementalist on Aug 12, 2022.
             Killed from afar by Natasha (6 damage)
             ... with a magic dart
             ... on level 3 of the Dungeon.
             The game lasted 00:03:51 (2074 turns).

quinnr the Gusty (Tengu Air Elementalist)           Turns: 2074, Time: 00:03:51

Health: 0/24       AC:  2    Str:  8    XL:     4   Next: 62%
Magic:  5/8        EV: 13    Int: 17    God:
Gold:   82         SH:  0    Dex: 21    Spells: 6/7 levels left

rFire   . . .      SeeInvis .   l - +2 dagger (venom)
rCold   . . .      Faith    .   (no shield)
rNeg    . . .      Spirit   .   a - +0 robe
rPois   .          Reflect  .   (helmet restricted)
rElec   .          Harm     .   (no cloak)
rCorr   .          Rampage  .   (no gloves)
Will    .....                   (boots unavailable)
Stlth   ++........              (no amulet)
HPRegen 0.08/turn               n - +6 ring of dexterity
MPRegen 0.11/turn               (no ring)

@: no status effects
A: beak, talons 3
a: no special abilities


You were on level 3 of the Dungeon.
You visited 1 branch of the dungeon, and saw 3 of its levels.

You collected 82 gold pieces.

Inventory:

Hand Weapons
 l - a +2 dagger of venom (weapon)
Armour
 a - a +0 robe (worn)
 h - an orb of wrath
Jewellery
 n - a +6 ring of dexterity (left hand)
Scrolls
 c - a scroll of teleportation {unknown}
 e - a scroll of vulnerability {unknown}
 g - a scroll of silence {unknown}
 i - a scroll of identify {unknown}
 k - a scroll of summoning {unknown}
 o - a scroll of amnesia {unknown}
Potions
 b - 2 potions of magic
 d - 2 potions of flight {unknown}
 f - a potion of might {unknown}
 j - a potion of curing
 m - a potion of heal wounds {unknown}
 p - a potion of lignification {unknown}


   Skills:
 - Level 2.1 Dodging
 - Level 2.0 Stealth
 - Level 2.0 Spellcasting
 - Level 1.3 Conjurations
 * Level 7.0 Air Magic


You had 6 spell levels left.
You knew the following spells:

 Your Spells              Type           Power      Damage    Failure   Level
a - Shock                 Conj/Air       60%        1d6       3%          1

Your spell library contained the following spells:

 Spells                   Type           Power      Damage    Failure   Level
 Swiftness                Air            25%        N/A       3%          3
 Static Discharge         Conj/Air       15%        3-5/arc   5%          2
 Airstrike                Air            12%        2d(2-18)  11%         4


Dungeon Overview and Level Annotations

Branches:
Dungeon (3/15)

Altars:

Shops:
D:1 ?[

Annotations:
D:3 Natasha


Innate Abilities, Weirdness & Mutations

You have a beak for a mouth.
You have claws for feet.


Message History

Confirm with . or Enter, or press ? or * to list all spells.
Aiming: Shock (safe; 3% risk of failure)
Press: ? - help, Shift-Dir - straight line, f/p - Natasha
Aim: Natasha (lightly wounded, 64% to hit)
The zap hits Natasha.
Natasha is heavily wounded.
The shadow imp gestures at you. Pain shoots through your body!
Ouch! That really hurt!
The shadow imp disappears for a moment.
Natasha claws you. Natasha attacks as you move away! Natasha misses you.
Casting: Shock (safe; 3% risk of failure)
Confirm with . or Enter, or press ? or * to list all spells.
Aiming: Shock (safe; 3% risk of failure)
Press: ? - help, Shift-Dir - straight line, f/p - Natasha
Aim: Natasha (moderately wounded, 64% to hit)
The zap hits Natasha.
Natasha is heavily wounded.
The zap hits the shadow imp.
The shadow imp is moderately wounded.
The zap hits the shadow imp.
The shadow imp is severely wounded.
The zap hits Natasha.
Natasha is heavily wounded.
Natasha stares at you and mumbles some strange words.
The magic dart hits you.
* * * LOW HITPOINT WARNING * * *
Casting: Shock (safe; 3% risk of failure)
Confirm with . or Enter, or press ? or * to list all spells.
Aiming: Shock (safe; 3% risk of failure)
Press: ? - help, Shift-Dir - straight line, f/p - Natasha
Aim: Natasha (heavily wounded, 64% to hit)
The zap hits Natasha.
Natasha is almost dead.
The zap misses the shadow imp. x2; The zap hits Natasha.
Natasha is almost dead.
Natasha stares at you and mumbles some strange words.
The magic dart hits you.
You die...

#......# #.# #.##.........
#..##### #.# #.####....... #..#
#####.## #.####.#.###.
#..#####......# #........#
####..........#..# ######.#.###.
..........#..>##.#########.#.....
#####.###.##.###.#.......#...###
#.# #.##.# #.#.#.###.###.#### #.#
#.##.# #@#.#.# #......... #####.#
#.##.# #h#.#<###.###.####
......###>##.###5#.#.....# #.#
###................####### #≈≈
...........###### #≈##
.#.###.#...# .≈# #.##### #≈# #h
#≈# ..


You could see Natasha and a shadow imp (summoned).

Vanquished Creatures
  4 adders
  4 worms
  2 dart slugs (D:2)
  4 bats (D:2)
  3 endoplasms
  2 giant cockroaches (D:2)
  2 goblins
  3 hobgoblins
  4 quokkas
  3 ball pythons (D:1)
  3 frilled lizards
  6 kobolds
  A rat (D:1)
41 creatures vanquished.

Notes
Turn   | Place    | Note
-------+----------+-------------------------------------------
     0 | D:1      | quinnr the Tengu Air Elementalist began the quest for the
                  | Orb.
     0 | D:1      | Reached XP level 1. HP: 10/10 MP: 4/4
    18 | D:1      | Found Xarphobots's Armour Emporium.
   120 | D:1      | Found Wetear's Magic Scroll Shoppe.
   122 | D:1      | Noticed a shining eye
   161 | D:1      | HP: 1/10 [rat (1)]
   165 | D:1      | Reached XP level 2. HP: 2/15 MP: 0/6
   426 | D:1      | Noticed a golden eye
   427 | D:1      | Found a faded altar of an unknown god.
   542 | D:1      | Noticed a shining eye
   582 | D:1      | Reached skill level 5 in Air Magic
   782 | D:1      | You fall into a shaft and drop 1 floor!
   828 | D:3      | HP: 1/15 [quokka (1)]
  1008 | D:3      | Reached XP level 3. HP: 19/19 MP: 2/7
  1190 | D:2      | Reached skill level 6 in Air Magic
  1245 | D:2      | Reached XP level 4. HP: 24/24 MP: 1/8
  2001 | D:3      | Reached skill level 7 in Air Magic
  2061 | D:3      | Noticed Natasha
  2074 | D:3      | Killed from afar by Natasha

Illustrated notes

Levels and vault maps discovered:
D:1:      giann_horns, layout_basic, serial_shops, nicolae_shop_window_shopping,
          nicolae_diamond_shop, shop, shop,
          hellmonk_ecumenical_altar_watching_god, minmay_misc_feat_plants,
          minmay_pentomino_v4
D:2:      layout_rooms
D:3:      layout_loops_ring, nicolae_overflow_two_pavilions,
          chequers_temple_overflow_statue_of_worship, minmay_pentomino_pile,
          uniq_natasha, uniq_pargi

Skill      XL: |  1  2  3  4 |
---------------+-------------+-----
Air Magic      | 5 6 7 |  7.0
Dodging        | |  2.1
Stealth        | |  2.0
Spellcasting   | |  2.0
Conjurations   | |  1.3

Action                   |  1- 3 |  4- 6 || total
-------------------------+-------+-------++-------
Melee: Unarmed           |     4 |       ||     4
       Kick              |     2 |     1 ||     3
       Dagger            |     1 |     3 ||     4
 Cast: Shock             |    54 |    40 ||    94
  Use: Potion            |     1 |       ||     1
Armor: Robe              |    12 |       ||    12
Dodge: Dodged            |    25 |     5 ||    30

Table legend: (Time is in decaauts)
 A = Elapsed time spent in this place.
 B = Non-inter-level travel time spent in this place.
 C = Inter-level travel time spent in this place.
 D = Time resting spent in this place.
 E = Time spent auto-exploring this place.
 F = Levels seen in this place.
 G = Mean time per level.
                   A        B        C        D        E       F      G
               +--------+--------+--------+--------+--------+-----+--------+
         Total |   2073 |   2048 |     25 |     75 |   1679 |   3 |  691.0 |
       Dungeon |   2073 |   2048 |     25 |     75 |   1679 |   3 |  691.0 |
               +--------+--------+--------+--------+--------+-----+--------+

Top non-repeatable levels by time:
     D:2: 853 daAuts
     D:1: 782 daAuts
     D:3: 437 daAuts
